 Dungeon Crawl Stone Soup version 0.32-a0-842-gbbb8fdbe59 (webtiles) character file.

Game seed: 3331907157879755099

288 Ajdolov the Trooper (level 6, -1/35 HPs)
             Began as a Vine Stalker Monk on Mar 27, 2024.
             Slain by Pikel
             ... wielding a +2 whip of electrocution
              (15 damage)
             ... on level 5 of the Dungeon.
             The game lasted 00:03:53 (2828 turns).

Ajdolov the Trooper (Vine Stalker Monk)             Turns: 2828, Time: 00:03:54

Health: -1/35      AC:  5    Str: 16    XL:     6   Next: 31%
Magic:  0/7        EV: 10    Int: 10    God:
Gold:   202        SH:  0    Dex: 16    Spells: 5/5 levels left

rFire   . . .        q - +2 flail (venom)
rCold   . . .        d - orb {light}
rNeg    . . .        k - +0 ring mail
rPois   .            (no helmet)
rElec   .            (no cloak)
rCorr   .            (no gloves)
SInv    .            (no boots)
Will    +....        (no amulet)
Stlth   +            e - ring of willpower
HPRegen 1.05/turn    (no ring)
MPRegen 0.10/turn

%: guardian spirit
@: glowing
A: fangs 2, regeneration 1, magic shield, antimagic bite, no potion heal 2
a: no special abilities


You were on level 5 of the Dungeon.
You visited 2 branches of the dungeon, and saw 6 of its levels.

You collected 202 gold pieces.

Inventory:

Hand Weapons
 q - a +2 flail of venom (weapon)
Armour
 d - an orb of light (worn)
 k - a +0 ring mail (worn)
 l - a +0 buckler
Jewellery
 e - a ring of willpower (left hand)
Scrolls
 a - a scroll of butterflies {unknown}
 f - 5 scrolls of identify {unknown}
 g - 2 scrolls of teleportation {unknown}
 h - a scroll of vulnerability {unknown}
 n - a scroll of silence {unknown}
 o - 2 scrolls of poison {unknown}
 t - a scroll of immolation {unknown}
 v - 3 scrolls of fear {unknown}
Potions
 b - 2 potions of curing {unknown}
 c - a potion of ambrosia
 i - a potion of magic {unknown}
 j - a potion of mutation {unknown}
 m - 2 potions of enlightenment {unknown}
 p - 2 potions of attraction {unknown}
 r - a potion of berserk rage {unknown}
 s - 4 potions of haste {unknown}
 u - a potion of heal wounds {unknown}


   Skills:
 - Level 5.0 Fighting
 + Level 4.6 Maces & Flails
 - Level 2.4 Dodging


You had 5 spell levels left.
You didn't know any spells.
Your spell library was empty.

Dungeon Overview and Level Annotations

Branches:
Dungeon (5/15)             Temple (1/1) D:4

Altars:
Ashenzari
Cheibriados
Dithmenos
Elyvilon
Fedhas
Gozag
Kikubaaqudgha
Nemelex Xobeh
Okawaru
Qazlal
Ru
Sif Muna
Trog
Uskayaw
Vehumet
Wu Jian
Xom
Yredelemnul
Zin
The Shining One

Shops:
D:2 =

Annotations:
D:5 Pikel


Innate Abilities, Weirdness & Mutations

You have extremely sharp teeth.
Your natural rate of healing is unusually fast.
When hurt, damage is shared between your health and your magic reserves.
Your bite disrupts and absorbs the magic of your enemies.
Potions cannot restore your health.


Message History

You hit the lemure but do no damage.
The lemure looks as sick as possible!
The lemure is heavily wounded.
The lemure hits you.
You hit the lemure.
The lemure looks as sick as possible!
The lemure is severely wounded.
The lemure hits you but does no damage. The lemure attacks as it pursues you!
The lemure closely misses you.
There is a stone staircase leading up here.
You hit the lemure.
The lemure looks as sick as possible!
You bite the lemure. You drain its power.
You feel invigorated.
The lemure is almost dead.
You kill the lemure!
That felt strangely unrewarding.
You closely miss the lemure. Your bite misses the lemure.
The lemure closely misses you. The lemure hits you but does no damage.
You hit the lemure.
The lemure is lightly wounded.
The lemure hits you but does no damage.
You sock the lemure!
The lemure is poisoned.
Your bite misses the lemure.
The lemure is heavily wounded.
The lemure hits you but does no damage.
You hit the lemure but do no damage. You bite the lemure. You drain its power.
The lemure is severely wounded.
The lemure hits you. Pikel barely misses you.
You hit Pikel but do no damage. The lemure hits you but does no damage.
Pikel barely misses you.
You hit Pikel. You bite Pikel, but do no damage.
Pikel is lightly wounded.
You kill the lemure!
That felt strangely unrewarding.
Pikel hits you with a +2 whip of electrocution.
You are electrocuted!
Pikel closely misses you.
Unknown command.
You hit Pikel.
Pikel is poisoned.
Your bite misses Pikel.
Pikel is moderately wounded.
Pikel says, "You'll freeze in Cocytus!"
Pikel hits you with a +2 whip of electrocution.
You are electrocuted!
You die...
Pikel says, "See you in Hell!"

############
......K@...#
.##.######.#
#.# #.# #.#
#.# .5. 55.
..K


You could see Pikel (very poisoned).

Vanquished Creatures
  2 lemures (D:5)
  A scorpion (D:4)
  Jessica (D:2)
  An iguana (D:4)
  3 gnolls (D:3)
  6 adders
  3 dart slugs
  4 ribbon worms
  9 orcs
  6 ball pythons
  8 endoplasms
  A giant cockroach (D:2)
  5 goblins
  3 hobgoblins
  9 kobolds
  4 quokkas
  6 bats
  3 frilled lizards
  7 rats
82 creatures vanquished.

Notes
Turn   | Place    | Note
-------+----------+-------------------------------------------
     0 | D:1      | Ajdolov the Vine Stalker Monk began the quest for the Orb.
     0 | D:1      | Reached XP level 1. HP: 11/11 MP: 2/2
    56 | D:1      | Reached skill level 3 in Fighting
    89 | D:1      | Reached XP level 2. HP: 14/16 MP: 3/3
   715 | D:2      | Reached XP level 3. HP: 21/21 MP: 4/4
   816 | D:2      | Noticed Jessica
   826 | D:2      | Killed Jessica
   827 | D:2      | Reached skill level 4 in Fighting
   827 | D:2      | Reached XP level 4. HP: 26/26 MP: 3/5
  1388 | D:2      | Found Jucuanni's Jewellery Shop.
  1571 | D:3      | Reached skill level 5 in Fighting
  1574 | D:3      | Reached XP level 5. HP: 30/30 MP: 6/6
  2126 | D:4      | HP: 1/30 [iguana (9)]
  2319 | D:4      | Found a staircase to the Ecumenical Temple.
  2328 | Temple   | Entered the Ecumenical Temple
  2370 | D:4      | Reached XP level 6. HP: 35/35 MP: 7/7
  2802 | D:5      | Entered Level 5 of the Dungeon
  2807 | D:5      | Found an opulent altar of Gozag.
  2807 | D:5      | Noticed Pikel
  2828 | D:5      | Slain by Pikel

Illustrated notes

Levels and vault maps discovered:
D:1:      ebering_hopf_link, layout_loops_ring, grunt_decor_cap,
          minmay_misc_feat_enclosed, minmay_close_crescents
D:2:      layout_basic, serial_forest, infiniplex_forest_3_way,
          infiniplex_forest_clump_diagonal, infiniplex_forest_corner_1,
          infiniplex_forest_fountain, infiniplex_forest_lined_corner,
          infiniplex_forest_lined_3_way, serial_shops,
          nicolae_shop_window_shopping, uniq_jessica
D:3:      layout_rooms, chequers_serial_rivers_small_b,
          chequers_serial_rivers_micro_a, minmay_door_square,
          grunt_decor_arrowhead, guppyfry_early_lair_pool
D:4:      layout_basic, minmay_temple_entry_waves, hex_tiny
D:5:      layout_loops_ring, grunt_gozag_statues, serial_shops, shop, uniq_pikel
Temple:   compressed_dpeg_triangle_lava_temple

Skill      XL: |  1  2  3  4  5 |
---------------+----------------+-----
Fighting       | 3 4 5 |  5.0
Maces & Flails | 4 |  4.6
Dodging        | |  2.4

Action                     |  1- 3 |  4- 6 || total
---------------------------+-------+-------++-------
  Melee: Mace              |    75 |    43 ||   118
         Bite              |    20 |    28 ||    48
         Flail             |       |    63 ||    63
 Armour: Robe              |    12 |       ||    12
         Ring mail         |    43 |    68 ||   111
  Dodge: Dodged            |    51 |    69 ||   120

Table legend: (Time is in decaauts)
 A = Elapsed time spent in this place.
 B = Non-inter-level travel time spent in this place.
 C = Inter-level travel time spent in this place.
 D = Time resting spent in this place.
 E = Time spent auto-exploring this place.
 F = Levels seen in this place.
 G = Mean time per level.
                   A        B        C        D        E       F      G
               +--------+--------+--------+--------+--------+-----+--------+
         Total |   2875 |   2793 |     82 |     38 |   2173 |   6 |  479.2 |
       Dungeon |   2858 |   2776 |     82 |     38 |   2173 |   5 |  571.6 |
        Temple |     16 |     16 |      0 |      0 |      0 |   1 |   16.0 |
               +--------+--------+--------+--------+--------+-----+--------+

Top non-repeatable levels by time:
     D:2: 814 daAuts
     D:4: 713 daAuts
     D:1: 712 daAuts
     D:3: 590 daAuts
     D:5: 27 daAuts
  Temple: 16 daAuts
